 Dungeon Crawl Stone Soup version 0.28-a0-2-g643f2454ad (webtiles) character file.

Game seed: 15478293577021982715

6 graki42 the Sneak (level 1, -2/11 HPs)
             Began as an Octopode Enchanter on July 22, 2021.
             Slain by a kobold (7 damage)
             ... on level 1 of the Dungeon.
             The game lasted 00:00:30 (602 turns).

graki42 the Sneak (Octopode Enchanter)               Turns: 602, Time: 00:00:31

Health: -2/11      AC:  1    Str:  7    XL:     1   Next: 90%
Magic:  3/3        EV: 13    Int: 17    God:
Gold:   0          SH:  0    Dex: 12    Spells: 3/4 levels left

rFire   . . .      SeeInvis .   a - +1 dagger
rCold   . . .      Faith    .   (no shield)
rNeg    . . .      Spirit   .   (helmet restricted)
rPois   .          Reflect  .   (no amulet)
rElec   .          Harm     .   (no ring)
rCorr   .          Rampage  .   (no ring)
Will    .....                   (no ring)
Stlth   ++++......              (no ring)
HPRegen 0.03/turn               (no ring)
MPRegen 0.08/turn               (no ring)
                                (no ring)
                                (no ring)

@: no status effects
A: almost no armour, amphibious, 8 rings, camouflage 1, gelatinous body 1,
(nimble swimmer 1), tentacles
a: no special abilities


You were on level 1 of the Dungeon.
You visited 1 branch of the dungeon, and saw 1 of its levels.

Inventory:

Hand Weapons
 a - a +1 dagger (weapon)
Potions
 b - a potion of invisibility {unknown}


   Skills:
 + Level 1.0 Short Blades
 + Level 2.0 Dodging
 + Level 4.4 Stealth
 + Level 2.0 Spellcasting
 + Level 3.1 Hexes


You had 3 spell levels left.
You knew the following spells:

 Your Spells              Type           Power      Damage    Failure   Level
a - Corona                Hex            13%        N/A       5%          1

Your spell library contained the following spells:

 Spells                   Type           Power      Damage    Failure   Level
 Ensorcelled Hibernation  Hex/Ice        14%        N/A       16%         2
 Confusing Touch          Hex            12%        N/A       16%         3
 Tukima's Dance           Hex            12%        N/A       16%         3
 Dazzling Flash           Conj/Hex       14%        N/A       30%         3


Dungeon Overview and Level Annotations

Branches:
Dungeon (1/15)

Altars:


Innate Abilities, Weirdness & Mutations

You cannot wear most types of armour.
You are amphibious.
You can wear up to eight rings at the same time.
Your skin changes colour to match your surroundings (Stealth+).
Your rubbery body absorbs attacks. (AC +1, EV +1)
((You are camouflaged near water. (Stealth+)))
You have tentacles for arms and can constrict up to eight enemies at once.


Message History

The kobold throws a stone.
The stone hits you but does no damage.
A rat comes into view.
Found a short sword.
The kobold hits you with a +0 short sword.
You barely miss the kobold. Your grab misses the kobold.
Your squeeze misses the kobold.
The kobold hits you with a +0 short sword.
You barely miss the kobold. Your grab misses the kobold.
You squeeze the kobold.
You kill the kobold!
The rat bites you but does no damage.
You hit the rat.
You kill the rat!
Things that are here:
a +0 short sword; 2 stones A bat comes into view.
The bat misses you.
You hit the bat.
You kill the bat!
A kobold comes into view. It is wielding a +0 club.
Found a scroll labelled CAMEFEDESUGU.
A kobold comes into view. It is wielding a +4 dagger.
A rat comes into view.
An endoplasm and a kobold come into view.
The kobold throws a stone.
The stone misses you.
The kobold throws a stone.
The stone hits you but does no damage.
The kobold throws a stone.
The stone closely misses you.
The kobold throws a stone.
The stone hits you.
The kobold throws a stone.
The stone hits you.
A quokka comes into view.
The kobold closely misses you.
You hit the kobold but do no damage. Your grab misses the kobold.
The kobold hits you with a +4 dagger.
You miss the kobold. You grab the kobold. You constrict the kobold.
You hit the kobold but do no damage. You squeeze the kobold.
The kobold is severely wounded.
You constrict the kobold, but do no damage.
The kobold hits you with a +4 dagger!
Ouch! That really hurt!
You die...

...........##.♣....♣..##....
............###########.....##
#
..............................
# ........................ #
..?....................##
...##...K###............#.
J..........##.............
Kr.......#................
#...###.K@...............)
..#.r....####..†..##...... .
..####.# ###.#......... #.#
#........... #.# ######....#.
#.# #....## .. #....## #.
#....## #######


You could see a quokka and 2 kobolds.

Vanquished Creatures
  2 bats (D:1)
  An endoplasm (D:1)
  A kobold (D:1)
  2 rats (D:1)
6 creatures vanquished.

Notes
Turn   | Place    | Note
-------+----------+-------------------------------------------
     0 | D:1      | graki42 the Octopode Enchanter began the quest for the Orb.
     0 | D:1      | Reached XP level 1. HP: 11/11 MP: 3/3
   602 | D:1      | Slain by a kobold

Illustrated notes

Levels and vault maps discovered:
D:1:      nzn_arrival_settlement, layout_rooms, serial_shops,
          nicolae_square_shop, grunt_decor_fettered

Action                   || total
-------------------------++-------
Melee: Dagger            ||    16
       Constrict         ||     2
       Tentacles         ||     2
Armor: Skin              ||     5
Dodge: Dodged            ||     8

Table legend: (Time is in decaauts)
 A = Elapsed time spent in this place.
 B = Non-inter-level travel time spent in this place.
 C = Inter-level travel time spent in this place.
 D = Time resting spent in this place.
 E = Time spent auto-exploring this place.
 F = Levels seen in this place.
 G = Mean time per level.
                   A        B        C        D        E       F      G
               +--------+--------+--------+--------+--------+-----+--------+
         Total |    601 |    601 |      0 |    304 |    255 |   1 |  601.0 |
       Dungeon |    601 |    601 |      0 |    304 |    255 |   1 |  601.0 |
               +--------+--------+--------+--------+--------+-----+--------+

Top non-repeatable levels by time:
     D:1: 601 daAuts
